 Dungeon Crawl Stone Soup version 0.31-a0-675-g238779eb0a (webtiles) character file.

Game seed: 1795377910559427170

121 CowFu the Grave Robber (level 5, -3/38 HPs)
             Began as a Ghoul Necromancer on Sept 5, 2023.
             Killed from afar by an orc wizard (8 damage)
             ... with a puff of flame
             ... on level 3 of the Dungeon.
             The game lasted 00:03:21 (2616 turns).

CowFu the Grave Robber (Ghoul Necromancer)          Turns: 2616, Time: 00:03:22

Health: -3/38      AC:  3    Str: 13 (14) XL:     5   Next: 5%
Magic:  4/6        EV: 11    Int:  8 (10) God:
Gold:   171        SH:  0    Dex:  6 (9)  Spells: 3/7 levels left

rFire   . .          .
                       - Unarmed
rCold   + . .        (no shield)
rNeg    + + +        a - +1 robe
rPois   ∞            (no helmet)
rElec   .            (no cloak)
rCorr   .            (no gloves)
SInv    .            (no boots)
Will    .....        (no amulet)
Stlth   +            (no ring)
HPRegen 0.00/turn    (no ring)
MPRegen 0.10/turn

%: no passive effects
@: inhibited regen
A: claws 1, cold resistance 1, negative energy resistance 3, inhibited
regeneration, torment resistance 2, devour on kill
a: no special abilities


You were on level 3 of the Dungeon.
You visited 1 branch of the dungeon, and saw 3 of its levels.

You collected 171 gold pieces.

Inventory:

Armour
 a - a +1 robe (worn)
Scrolls
 c - a scroll of teleportation {unknown}
 d - a scroll of noise {unknown}
 f - a scroll of silence {unknown}
 g - 2 scrolls of enchant armour
 j - 2 scrolls of revelation {unknown}
 k - a scroll of amnesia {unknown}
Potions
 b - a potion of magic
 e - 2 potions of degeneration
 m - a potion of heal wounds


   Skills:
 - Level 1.7 Dodging
 - Level 2.1 Stealth
 + Level 3.3 Unarmed Combat
 - Level 1.7 Spellcasting
 + Level 5.2 Necromancy


You had 3 spell levels left.
You knew the following spells:

 Your Spells              Type           Power      Damage    Failure   Level
a - Necrotise             Necr           36%        1d5       4%          1
b - Vampiric Draining     Necr           9%         2d6       13%         3

Your spell library contained the following spells:

 Spells                   Type           Power      Damage    Failure   Level
 Magic Dart               Conj           0%         1d3       36%         1
 Call Imp                 Summ           0%         N/A       50%         2
 Mephitic Cloud           Conj/Pois/Air  0%         N/A       73%         3
 Animate Dead             Necr           9%         N/A       38%         4
 Agony                    Necr           9%         N/A       75%         5


Dungeon Overview and Level Annotations

Branches:
Dungeon (3/15)

Altars:
Nemelex Xobeh


Innate Abilities, Weirdness & Mutations

You are immune to poison.
You have sharp fingernails.
Your flesh is cold resistant. (rC+)
You are immune to negative energy. (rN+++)
You do not regenerate when monsters are visible.
You are immune to unholy pain and torment.
You thrive by killing the living.


Message History

You kill the orc!
You feel better.
The dead are walking!
Something hits you.
No target in view!
You can't see any susceptible monsters within range! (Use Z to cast anyway.) No target in view!
You can't see any susceptible monsters within range! (Use Z to cast anyway.)
You can't see any susceptible monsters within range! (Use Z to cast anyway.) No target in view!
You can't see any susceptible monsters within range! (Use Z to cast anyway.) No target in view!
You barely miss something. Something hits you.
You barely miss something. Something hits you.
You closely miss something. Something hits you.
You miss something.
You hear some strange, mumbled words.
A puff of flame appears from out of thin air!
The puff of flame hits you.
You miss something.
You hear some strange, mumbled words.
Something tries to affect you, but you resist.
You closely miss something. Something hits you but does no damage.
You scratch something but do no damage. Something hits you.
You barely miss something. Something hits you.
You scratch something. Your claw misses something.
Something hits you but does no damage.
You miss something. Something hits you.
You scratch something. Something hits you.
You scratch something. You miss something. Something hits you.
* * * LOW HITPOINT WARNING * * *
You closely miss something. Something hits you but does no damage.
You completely miss something. Something hits you.
* * * LOW HITPOINT WARNING * * *
You miss something. Something hits you.
* * * LOW HITPOINT WARNING * * *
You miss something.
You hear some strange, mumbled words.
A puff of flame appears from out of thin air!
The puff of flame hits you!
You die...

..#.###....).### .#
....#........# .#
....#.#......######.#
...##.#...........#.#
#.
##....#.............
...
<).####............#..
.#.# #+####........
...# ###.#..){##.#
#### #.....Z@)...#. #
#.#........$... #
#.#.#######.# .. #...#
### . ###.# ..#
#######.#### ..# ..
#..........# ..#...#
#.##.......#
.>...#####.##.......#


You could see a friendly orc skeleton.

Vanquished Creatures
  A hound (D:3)
  3 adders (D:2)
  4 dart slugs
  6 orcs (D:3)
  6 endoplasms
  A giant cockroach (D:2)
  5 goblins
  A hobgoblin (D:1)
  A quokka (D:3)
  4 ball pythons
  6 bats
  2 frilled lizards (D:2)
  5 kobolds
  3 rats
48 creatures vanquished.

Vanquished Creatures (collateral kills)
  A goblin (D:3)
1 creature vanquished.

Grand Total: 49 creatures vanquished

Notes
Turn   | Place    | Note
-------+----------+-------------------------------------------
     0 | D:1      | CowFu the Ghoul Necromancer began the quest for the Orb.
     0 | D:1      | Reached XP level 1. HP: 14/14 MP: 2/2
   157 | D:1      | Reached skill level 1 in Unarmed Combat
   157 | D:1      | Reached XP level 2. HP: 7/20 MP: 0/3
  1038 | D:2      | Reached XP level 3. HP: 26/26 MP: 2/4
  1060 | D:2      | Found a faded altar of an unknown god.
  1836 | D:2      | Reached XP level 4. HP: 33/33 MP: 2/5
  2320 | D:3      | Learned a level 3 spell: Vampiric Draining
  2323 | D:3      | Found a sparkling altar of Nemelex Xobeh.
  2429 | D:3      | Reached skill level 5 in Necromancy
  2530 | D:3      | Reached XP level 5. HP: 35/38 MP: 3/6
  2616 | D:3      | Killed from afar by an orc wizard

Illustrated notes

Levels and vault maps discovered:
D:1:      heliophobic_arrival_henge, layout_loops_ring
D:2:      layout_basic, hellmonk_ecumenical_altar_slurped_away
D:3:      layout_basic, nemelex_xobeh_ov_fountains_minmay, minmay_goblin_outpost

Skill      XL: |  1  2  3  4 |
---------------+-------------+-----
Unarmed Combat | 1 2 3 |  3.3
Necromancy     | 5 |  5.2
Dodging        | |  1.7
Stealth        | |  2.1
Spellcasting   | |  1.7

Action                     |  1- 3 |  4- 6 || total
---------------------------+-------+-------++-------
  Melee: Unarmed           |    67 |    70 ||   137
         Punch             |       |     1 ||     1
   Cast: Necrotise         |    45 |    32 ||    77
    Use: Potion            |       |     5 ||     5
         Scroll            |       |     1 ||     1
   Stab: Sleeping          |     1 |       ||     1
 Armour: Robe              |    45 |    59 ||   104
  Dodge: Dodged            |    48 |    48 ||    96

Table legend: (Time is in decaauts)
 A = Elapsed time spent in this place.
 B = Non-inter-level travel time spent in this place.
 C = Inter-level travel time spent in this place.
 D = Time resting spent in this place.
 E = Time spent auto-exploring this place.
 F = Levels seen in this place.
 G = Mean time per level.
                   A        B        C        D        E       F      G
               +--------+--------+--------+--------+--------+-----+--------+
         Total |   2590 |   2556 |     34 |      0 |   2144 |   3 |  863.3 |
       Dungeon |   2590 |   2556 |     34 |      0 |   2144 |   3 |  863.3 |
               +--------+--------+--------+--------+--------+-----+--------+

Top non-repeatable levels by time:
     D:2: 1166 daAuts
     D:1: 877 daAuts
     D:3: 547 daAuts
